 Dungeon Crawl Stone Soup version 0.21.2-1-g0862bd23eb (webtiles) character file.

10885 MordorOrchid the Grappler (level 11, -2/96 HPs)
             Began as a Troll Wizard on Nov 29, 2019.
             Was a High Priest of Cheibriados.
             Slain by an orc warrior
             ... wielding a +0 hand axe of venom
              (10 damage)
             ... on level 2 of the Orcish Mines on Nov 30, 2019.
             The game lasted 00:40:38 (8318 turns).

MordorOrchid the Grappler (Troll Wizard)            Turns: 8318, Time: 00:40:39

Health: -2/96      AC:  5    Str: 32    XL:     11   Next: 42%
Magic:  0/16       EV: 15    Int: 33    God:    Cheibriados [*****.]
Gold:   814        SH:  0    Dex: 24    Spells: 4/18 levels left

rFire    + . .     SeeInvis +     - Unarmed
rCold    + . .     Gourm    +   (no shield)
rNeg     . . .     Faith    .   V - +0 robe {rC+ rF+}
rPois    .         Spirit   +   b - +0 hat
rElec    .         Reflect  .   (no cloak)
rCorr    .         Harm     .   (gloves unavailable)
MR       .....                  (boots unavailable)
Stlth    ++........             H - amulet "Berchema" {Spirit Str-2 Int+4 SInv}
HPRegen  0.66/turn              i - +5 ring of strength
MPRegen  0.15/turn              N - +4 ring of dexterity

@: very slightly contaminated, drained, very slow
A: large, unfitting armour, claws 3, fast metabolism 3, gourmand, regeneration
1, shaggy fur 1, tough skin 2
a: Bend Time, Temporal Distortion, Slouch, Step From Time, Renounce Religion


You were on level 2 of the Orcish Mines.
You worshipped Cheibriados.
Cheibriados was extremely pleased with you.
You were very full.

You visited 3 branches of the dungeon, and saw 14 of its levels.
You also visited: Bailey.

You collected 814 gold pieces.

Inventory:

Hand Weapons
 r - a +1 hunting sling
Missiles
 e - 207 arrows
 j - 5 javelins
 m - 254 stones
 y - a throwing net
 I - 12 tomahawks (quivered)
 Z - 6 needles of sleeping
Armour
 b - a +0 hat (worn)
 V - a +0 robe of resistance (worn)
Magical Staves
 z - an uncursed staff of wizardry
 K - an uncursed staff of cold
Jewellery
 i - a +5 ring of strength (left claw)
 A - an uncursed ring of flight
 H - the amulet "Berchema" (around neck) {Spirit Str-2 Int+4 SInv}
   (You took it off an orc on level 5 of the Dungeon)

   [amulet of guardian spirit]

   It causes incoming damage to be split between your health and magic.
   It affects your strength (-2).
   It affects your intelligence (+4).
   It lets you see invisible.
 N - a +4 ring of dexterity (right claw)
Wands
 s - a wand of flame (37)
 B - a wand of polymorph (40)
 D - a wand of clouds (1)
 M - a wand of enslavement (17)
 S - a wand of paralysis (9)
Scrolls
 n - a scroll of magic mapping {unknown}
 o - 3 scrolls of noise
 v - 2 scrolls of remove curse
 w - a scroll of fear {unknown}
 F - a scroll of enchant armour {unknown}
 J - 2 scrolls of enchant weapon
 L - a scroll of teleportation
 O - a scroll of fog {unknown}
 R - a scroll of amnesia {unknown}
 X - a scroll of acquirement {unknown}
Potions
 g - 2 potions of resistance {unknown}
 h - a potion of berserk rage {unknown}
 k - 3 potions of flight
 l - a potion of heal wounds
 p - a potion of ambrosia {unknown}
 q - a potion of agility {unknown}
 t - a potion of might {unknown}
 x - 3 potions of cancellation
 C - a potion of magic {unknown}
 E - a potion of lignification {unknown}
 G - a potion of brilliance {unknown}
 P - 4 potions of curing
 W - a potion of experience {unknown}
 Y - a potion of mutation {unknown}
Books
 c - a book of Minor Magic

   Spells                             Type                      Level
   a - Magic Dart                     Conjuration                  1
   b - Blink                          Translocation                2
   c - Call Imp                       Summoning                    2
   d - Slow                           Hexes                        2
   e - Conjure Flame                  Conjuration/Fire             3
   f - Mephitic Cloud                 Conjuration/Poison/Air       3
 Q - a book of Callings

   Spells                             Type                      Level
   a - Summon Small Mammal            Summoning                    1
   b - Call Imp                       Summoning                    2
   c - Call Canine Familiar           Summoning                    3
   d - Summon Guardian Golem          Hexes/Summoning              3
   e - Summon Lightning Spire         Summoning/Air                4
   f - Summon Ice Beast               Ice/Summoning                4
Miscellaneous
 f - a sack of spiders
 u - a phial of floods
 T - a lightning rod (4/4)
Comestibles
 a - 6 chunks of flesh
 d - 21 rations


   Skills:
 * Level 2.8 Fighting
 * Level 1.3(1.2) Throwing
 * Level 6.2(6.1) Dodging
 - Level 1.0(0.9) Stealth
 + Level 11.2(11.1) Unarmed Combat
 - Level 4.0(3.9) Spellcasting
 - Level 2.0(1.9) Conjurations
 * Level 3.8 Summonings
 - Level 2.0(1.9) Translocations
 - Level 2.0(1.9) Fire Magic
 - Level 2.0(1.9) Air Magic
 * Level 3.9(3.8) Invocations
 * Level 3.2 Evocations


You had 4 spell levels left.
You knew the following spells:

 Your Spells              Type           Power        Failure   Level  Hunger
a - Magic Dart            Conj           ###.         2%          1    None
b - Call Imp              Summ           ####....     1%          2    None
c - Conjure Flame         Conj/Fire      ###.....     7%          3    ##.....
g - Mephitic Cloud        Conj/Pois/Air  ##......     10%         3    ##.....
s - Call Canine Familiar  Summ           ####....     3%          3    ##.....
x - Blink                 Tloc           N/A          3%          2    None


Dungeon Overview and Level Annotations

Branches:
Dungeon (11/15)            Temple (1/1) D:6            Lair (0/6) D:8
    Orc (2/2) D:9             Elf (0/3) Orc:2

Altars:
Ashenzari
Cheibriados
Dithmenos
Elyvilon
Fedhas
Gozag
Hepliaklqana
Kikubaaqudgha
Makhleb
Nemelex Xobeh
Okawaru
Qazlal
Ru
Sif Muna
Trog
Uskayaw
Vehumet
Wu Jian
Xom
Yredelemnul
Zin
The Shining One
Beogh

Annotations:
D:9 3 runed doors, exclusion: orange crystal statue


Innate Abilities, Weirdness & Mutations

You are too large for most types of armour.
You have claws for hands.
Your metabolism is lightning-fast.
You like to eat raw meat.
Your natural rate of healing is unusually fast.
You are covered in fur. (AC +1)
You have very tough skin. (AC +2)


Message History

There is a stone staircase leading up here.
An orc comes into view. It is wielding a flail.
The orc warrior shouts!
The orc shouts!
The orc wizard shouts!
The orc wizard gestures wildly while chanting.
The orc wizard seems to speed up.
The orc wizard looks satisfied for a moment.
The orc hits you with a flail.
* * * LOW HITPOINT WARNING * * *
You mangle the orc!!
You kill the orc!
Cheibriados thoroughly appreciates the change of pace.
The orc wizard mumbles some strange words.
The orc wizard seems to speed up.
Evoke which item? (* to show all) (? for menu, Esc to quit)
Aiming: Paralyse
Press: ? - help, Shift-Dir - straight line, f - orc warrior
Aim: an orc warrior, wielding a hand axe of venom and wearing a plate armour (chance to defeat MR: 55%)
The orc warrior resists with significant effort.
The orc warrior hits you with a hand axe of venom!
You die...

## ##....#. #.#
#......# ...#
#...... ###..#
.....
.#....$#....
.....$..#..#
..........#
.....$.)@#
..#...o.##.#
#.......#
#.#o<..#.#
..T........##
...$.o.......#
..............#
...>....#....##
.......###..##


You could see a troll, an orc warrior and 2 orc wizards.

Vanquished Creatures
  An orc warlord (Bailey)
  2 orc knights (Bailey)
  Psyche (D:9)
  The ghost of MordorOrchid the Ducker, a novice OpFi (D:4)
  A troll (Orc:1)
  A merfolk (D:10)
  Prince Ribbit (D:4)
  A hippogriff (D:10)
  Sigmund (D:3)
  2 hungry ghosts
  3 porcupines
  16 orc warriors
  3 ice beasts
  2 sky beasts
  A black bear (D:8)
  A necrophage (D:7)
  3 phantoms
  7 ogres
  7 centaurs
  A big kobold (D:9)
  6 bullfrogs
  A wyvern skeleton (D:10)
  2 scorpions (D:8)
  14 wights
  A howler monkey (D:4)
  8 crimson imps
  A bullfrog zombie (D:9)
  5 hounds
  A jelly (D:5)
  2 centaur skeletons
  8 orc priests
  2 bullfrog skeletons
  Jessica (D:2)
  2 iguanas
  12 orc wizards
  8 worker ants
  A hound zombie (D:8)
  2 worker ant zombies (D:10)
  20 gnolls
  7 adders
  6 shadow imps
  An ooze (D:3)
  An adder skeleton (D:4)
  3 worms
  6 dart slugs
  5 leopard geckos
  61 orcs
  3 giant cockroaches
  23 goblins
  35 hobgoblins
  12 jackals
  5 quokkas
  2 ball pythons
  10 bats
  4 frilled lizards
  14 kobolds
  A leopard gecko skeleton (D:5)
  10 rats
362 creatures vanquished.

Vanquished Creatures (collateral kills)
  A water moccasin (D:9)
  An orc (D:9)
  A quokka (D:9)
3 creatures vanquished.

Vanquished Creatures (others)
  An orc (D:9)
  3 fungi (D:8)
4 creatures vanquished.

Grand Total: 369 creatures vanquished

Notes
Turn   | Place    | Note
-------+----------+-------------------------------------------
     0 | D:1      | MordorOrchid the Troll Wizard began the quest for the Orb.
     0 | D:1      | Reached XP level 1. HP: 16/16 MP: 2/2
    97 | D:1      | Reached skill level 1 in Unarmed Combat
    98 | D:1      | Reached XP level 2. HP: 19/26 MP: 2/4
   106 | D:1      | Learned a level 2 spell: Blink
   109 | D:1      | Learned a level 2 spell: Call Imp
   176 | D:1      | Reached skill level 1 in Fighting
   924 | D:2      | Reached XP level 3. HP: 31/33 MP: 5/5
   983 | D:2      | Reached skill level 2 in Unarmed Combat
  1334 | D:2      | Reached XP level 4. HP: 37/41 MP: 6/6
  1394 | D:2      | Reached skill level 3 in Unarmed Combat
  1526 | D:2      | Noticed Jessica
  1529 | D:2      | Killed Jessica
  1594 | D:2      | Found a blossoming altar of Fedhas.
  1844 | D:3      | Reached XP level 5. HP: 46/49 MP: 7/7
  1849 | D:3      | Learned a level 3 spell: Conjure Flame
  1863 | D:3      | Reached skill level 4 in Unarmed Combat
  1969 | D:3      | Found an opulent altar of Gozag.
  2011 | D:3      | Noticed Sigmund
  2026 | D:3      | Killed Sigmund
  2026 | D:3      | Reached skill level 1 in Conjurations
  2026 | D:3      | Reached skill level 1 in Summonings
  2026 | D:3      | Reached skill level 1 in Translocations
  2026 | D:3      | Reached XP level 6. HP: 31/57 MP: 8/8
  2694 | D:4      | Reached skill level 5 in Unarmed Combat
  2739 | D:4      | Found a transporter.
  2753 | D:4      | Found a transporter.
  2853 | D:4      | Found an ancient bone altar of Kikubaaqudgha.
  2853 | D:4      | Noticed MordorOrchid's ghost (novice OpFi)
  2872 | D:4      | Killed MordorOrchid's ghost
  2872 | D:4      | Reached skill level 6 in Unarmed Combat
  2872 | D:4      | Reached XP level 7. HP: 25/65 MP: 9/9
  3214 | D:5      | Entered Level 5 of the Dungeon
  3267 | D:5      | Found a bloodstained altar of Trog.
  3500 | D:5      | Reached XP level 8. HP: 42/72 MP: 10/10
  3560 | D:5      | Reached skill level 7 in Unarmed Combat
  3601 | D:5      | Noticed Prince Ribbit
  3639 | D:4      | Killed Prince Ribbit
  3639 | D:4      | Reached skill level 1 in Fire Magic
  3673 | D:5      | Found a sacrificial altar of Ru.
  3681 | D:5      | Got a scintillating bone amulet
  3717 | D:5      | Identified the amulet "Berchema" {Spirit Str-2 Int+4 SInv} (You took it off an orc on level 5 of the Dungeon)
  3891 | D:5      | Found a shadowy altar of Dithmenos.
  3930 | D:5      | Found a glowing silver altar of Zin.
  4047 | D:6      | Found a staircase to the Ecumenical Temple.
  4063 | Temple   | Entered the Ecumenical Temple
  4110 | Temple   | Became a worshipper of Cheibriados the Contemplative
  4145 | D:6      | Learned a level 3 spell: Mephitic Cloud
  4351 | D:6      | You fall through a shaft!
  4411 | D:5      | Reached skill level 8 in Unarmed Combat
  4440 | D:5      | Reached * piety under Cheibriados
  4621 | D:6      | Found a shimmering altar of Xom.
  4640 | D:6      | Reached XP level 9. HP: 71/79 MP: 9/11
  4806 | D:6      | Found a hide-covered altar of Uskayaw.
  4870 | D:7      | Reached skill level 1 in Air Magic
  5020 | D:7      | Found a radiant altar of Vehumet.
  5144 | D:7      | Reached ** piety under Cheibriados
  5144 | D:7      | Reached skill level 1 in Invocations
  5177 | D:7      | Found a burning altar of Makhleb.
  5178 | D:7      | Found a radiant altar of Vehumet.
  5291 | D:8      | Reached skill level 1 in Evocations
  5453 | D:8      | Reached skill level 9 in Unarmed Combat
  5614 | D:8      | Reached skill level 5 in Dodging
  5735 | D:8      | Found a staircase to the Lair.
  5751 | D:8      | Learned a level 3 spell: Call Canine Familiar
  5771 | D:9      | Found a runed door.
  5782 | D:9      | Noticed an orange crystal statue
  5797 | D:9      | Found a flagged portal.
  5820 | D:9      | Reached *** piety under Cheibriados
  5827 | D:9      | Reached XP level 10. HP: 73/87 MP: 8/13
  5832 | D:9      | Found a staircase to the Orcish Mines.
  5846 | Bailey   | Entered a bailey
  6049 | Bailey   | Reached **** piety under Cheibriados
  6311 | Bailey   | Noticed an orc knight
  6321 | Bailey   | Killed an orc knight
  6358 | Bailey   | Noticed an orc warlord
  6371 | Bailey   | Killed an orc warlord
  6371 | Bailey   | Reached skill level 10 in Unarmed Combat
  6419 | Bailey   | Noticed an orc knight
  6466 | Bailey   | Killed an orc knight
  6585 | D:9      | Found a runed door.
  6684 | D:9      | Found an opulent altar of Gozag.
  6724 | D:9      | Found a white marble altar of Elyvilon.
  6767 | D:9      | Noticed Psyche
  6794 | D:9      | Killed Psyche
  6794 | D:9      | Reached XP level 11. HP: 93/93 MP: 12/15
  6981 | D:9      | Found a runed door.
  7014 | D:9      | Found a runed door.
  7057 | D:9      | Reached ***** piety under Cheibriados
  7113 | D:9      | Found an ornate altar of the Wu Jian Council.
  7158 | D:9      | Found a basalt altar of Yredelemnul.
  7435 | D:10     | Entered Level 10 of the Dungeon
  7677 | D:10     | Reached skill level 11 in Unarmed Combat
  8001 | D:10     | Reached skill level 1 in Throwing
  8195 | Orc:1    | Entered Level 1 of the Orcish Mines
  8195 | Orc:1    | Found a roughly hewn altar of Beogh.
  8282 | Orc:1    | Noticed an orc warlord
  8310 | Orc:1    | HP: 4/96 [orc warlord/battleaxe of chopping (1)]
  8313 | Orc:2    | Entered Level 2 of the Orcish Mines
  8313 | Orc:2    | Found a staircase to the Elven Halls.
  8318 | Orc:2    | Slain by an orc warrior

Skill      XL: |  1  2  3  4  5  6  7  8  9 10 11 |
---------------+----------------------------------+-----
Unarmed Combat | 1 2 3 4 6 8 9 10 11 | 11.2
Fighting       | 1 2 |  2.8
Conjurations   | 1 2 |  2.0
Summonings     | 1 2 3 |  3.8
Translocations | 1 2 |  2.0
Dodging        | 2 3 4 5 6 |  6.2
Fire Magic     | 1 2 |  2.0
Air Magic      | 1 2 |  2.0
Invocations    | 2 3 |  3.9
Evocations     | 1 2 3 |  3.2
Spellcasting   | 3 4 |  4.0
Throwing       | 1 |  1.3
Stealth        | |  1.0

Action                   |  1- 3 |  4- 6 |  7- 9 | 10-12 || total
-------------------------+-------+-------+-------+-------++-------
Melee: Unarmed           |   123 |   171 |   299 |   327 ||   920
       Punch             |       |     2 |    10 |    25 ||    37
Throw: Javelin           |       |     8 |    54 |    19 ||    81
       Tomahawk          |       |       |       |    25 ||    25
       Throwing net      |       |       |       |     1 ||     1
 Cast: Magic Dart        |    15 |       |       |       ||    15
       Blink             |       |       |     4 |       ||     4
       Call Canine Famil |       |       |     2 |       ||     2
       Call Imp          |       |       |     1 |       ||     1
       Mephitic Cloud    |       |       |       |    15 ||    15
       Conjure Flame     |       |       |       |     2 ||     2
Invok: Bend Time         |       |       |     1 |     6 ||     7
       Slouch            |       |       |       |     1 ||     1
Evoke: Wand              |       |       |    21 |     5 ||    26
  Use: Potion            |       |     2 |       |     2 ||     4
       Scroll            |       |       |     5 |     8 ||    13
 Stab: Sleeping          |     3 |     4 |       |       ||     7
       Confused          |       |       |       |    12 ||    12
       Paralysed         |       |       |       |     7 ||     7
       Distracted        |       |       |       |     1 ||     1
  Eat: Chunk             |    18 |    14 |    22 |    30 ||    84
Armor: Robe              |    44 |    46 |    72 |    28 ||   190
Dodge: Dodged            |    50 |    41 |   149 |   206 ||   446
